 Dungeon Crawl Stone Soup version 0.18-a0-1147-g8e8348b (webtiles) character file.

262 wvc the Chopper (level 5, -1/31 HPs)
             Began as a Deep Elf Fighter on Jan 22, 2016.
             Slain by Crazy Yiuf
             ... wielding a +2 quarterstaff of chaos
              (5 damage)
             ... on level 2 of the Dungeon.
             The game lasted 00:04:08 (2264 turns).

wvc the Chopper (Deep Elf Fighter)                  Turns: 2264, Time: 00:04:09

Health: -1/31      AC:  9    Str: 18    XL:     5   Next: 97%
Magic:  7/7        EV:  6    Int: 14    God:
Gold:   157        SH: 10    Dex: 14    Spells: 0 memorised, 4 levels left

rFire  . . .     SeeInvis .     a - +0 war axe
rCold  . . .     Gourm    .     b - +0 scale mail
rNeg   . . .     Faith    .     c - +1 shield
rPois  .         Spirit   .     h - +0 helmet
rElec  .         Dismiss  .     j - +0 cloak
rCorr  .         Reflect  .     (no gloves)
SustAt .         Harm     .     e - +0 pair of boots
MR     .....                    (no amulet)
Stlth  ..........               (no ring)
                                (no ring)

@: mighty, not resistant to hostile enchantments, extremely unstealthy
A: no striking features
a: no special abilities


You were on level 2 of the Dungeon.
You were not hungry.

You visited 1 branch of the dungeon, and saw 2 of its levels.

You collected 157 gold pieces.

Inventory:

Hand Weapons
 a - a +0 war axe (weapon)
Armour
 b - a +0 scale mail (worn)
 c - a +1 shield (worn)
 e - a +0 pair of boots (worn)
 h - a +0 helmet (worn)
 j - a +0 cloak (worn)
Wands
 g - a wand of fireball (7/15)
 o - a wand of slowing (8/48)
Scrolls
 k - 4 scrolls of remove curse
 p - a scroll of amnesia {unknown}
 q - a scroll of immolation {unknown}
Potions
 i - a potion of brilliance
 l - a potion of cancellation
Comestibles
 f - 2 bread rations


   Skills:
 - Level 2.4 Fighting
 * Level 5.2 Axes
 - Level 2.4 Armour
 - Level 2.4 Shields


You had 4 spell levels left.
You didn't know any spells.

Dungeon Overview and Level Annotations

Branches:
Dungeon (2/15)

Altars:
Cheibriados
Fedhas

Annotations:
D:2 Crazy Yiuf


Message History

Found a mace.
As you close the door, it creaks loudly!
You start resting.
Crazy Yiuf the Enlightened opens the door.
He is wielding a quarterstaff of chaos.
Drink which item? (? for menu, Esc to quit)
You feel very mighty all of a sudden.
You slash Crazy Yiuf!
Crazy Yiuf is severely wounded.
Crazy Yiuf hits you with a quarterstaff of chaos!
You closely miss Crazy Yiuf.
Crazy Yiuf is severely wounded.
Crazy Yiuf hits you with a quarterstaff of chaos.
Crazy Yiuf draws strength from your injuries!
You hit Crazy Yiuf.
Crazy Yiuf is almost dead.
Crazy Yiuf sings, "Trees, trees, trees, circus!"
Crazy Yiuf hits you with a quarterstaff of chaos!
* * * LOW HITPOINT WARNING * * *
Crazy Yiuf hits you with a quarterstaff of chaos.
You die...

#.# #...(##.#.#<..#.#
#...... #.#
#....##.#.#####.#######...
#.#
#....##.#.............'...
#.#
#.#####################)..
#.# #.# #....'... #.# #.#
##.###... ##.#####.# ###
♣♣###.# #### #......'.#
#)..#♣♣ ♣♣.....#
########.#
#...g@♣♣♣♣PP....# #.#
#...#♣..♣.P....## ### ###
♣♣♣.♣.♣..## ♣♣♣♣♣###


You could see Crazy Yiuf.

Vanquished Creatures
  Sigmund (D:2)
  Ijyb (D:2)
  Robin (D:2)
  2 adders (D:2)
  2 worms (D:2)
  3 giant geckos
  5 bats
  3 giant cockroaches
  10 goblins
  5 hobgoblins (D:2)
  4 jackals (D:1)
  5 kobolds
  A ball python (D:2)
  2 giant newts
  5 rats (D:1)
  2 fungi (D:2)
52 creatures vanquished.

Notes
Turn   | Place    | Note
--------------------------------------------------------------
     0 | D:1      | wvc the Deep Elf Fighter began the quest for the Orb.
     0 | D:1      | Reached XP level 1. HP: 13/13 MP: 3/3
   214 | D:1      | Reached XP level 2. HP: 13/18 MP: 4/4
   799 | D:2      | Reached XP level 3. HP: 7/22 MP: 5/5
  1041 | D:2      | Noticed Sigmund
  1142 | D:2      | Noticed Robin
  1145 | D:2      | Reached skill level 3 in Axes
  1173 | D:2      | Killed Robin
  1778 | D:2      | Killed Sigmund
  1778 | D:2      | Reached skill level 4 in Axes
  1778 | D:2      | Reached XP level 4. HP: 15/27 MP: 6/6
  1778 | D:2      | Reached XP level 5. HP: 17/31 MP: 7/7
  1938 | D:2      | Found a blossoming altar of Fedhas.
  1939 | D:2      | Found a snail-covered altar of Cheibriados.
  1952 | D:2      | Reached skill level 5 in Axes
  2129 | D:2      | Noticed Ijyb
  2152 | D:2      | Killed Ijyb
  2258 | D:2      | Noticed Crazy Yiuf
  2264 | D:2      | Slain by Crazy Yiuf

Vault maps used:
D:1:      dpeg_chamrin_arrival_tetris
D:2:      nicolae_overflow_hidden_temple, first_bread, minmay_misc_feat_columns,
          uniq_crazy_yiuf_cottage, uniq_iyjb, uniq_sigmund, uniq_robin

Action                   |  1- 3 |  4- 6 || total
-------------------------+-------+-------++-------
Melee: War axe           |   144 |    60 ||   204
  Use: Scroll            |     4 |     2 ||     6
       Potion            |     2 |     1 ||     3
  Eat: Chunk             |     3 |     2 ||     5
